General information
- name: BNet
- type: Ladder team game (AT/RT)
- host: Battle.net
- saver: imnotimnotblue
map: Mur'gulOasis
- players: 8
- length: 45:10
- speed: Fast
- version: 1.28 W3XP
- replay type: Public
» download(271 KB)
Players
team 1 (loser)
Zabra (
teal | 63 APM | 2769 actions | 43:57)
6 Tauren Chieftain
3 War Stomp
2 Endurance Aura
1 Reincarnation
» actions
| Assign group hotkey | 50 | |
| Basic commands | 32 | |
| Build / train | 95 | |
| Enter build submenu | 14 | |
| Enter hero's abilities submenu | 6 | |
| Give item / drop item | 6 | |
| Remove unit from queue | 1 | |
| Right click | 916 | |
| Select / deselect | 316 | |
| Select group hotkey | 1156 | |
| Use ability | 177 | |
2769 total
» units
| Peon | 6 | |
| Grunt | 4 | |
| Troll Witch Doctor | 4 | |
| Shaman | 4 | |
| Troll Headhunter/Berserker | 15 | |
| Spirit Walker | 6 | |
| Demolisher | 3 | |
42 total
» upgrades
| Berserker Strength | 1 | |
| Witch Doctor Training | 2 | |
| Shaman Training | 2 | |
| Armor | 1 | |
| Reinforced Defenses | 1 | |
| Pillage | 1 | |
| Berserker Upgrade | 1 | |
| Spirit Walker Training | 1 | |
| Burning Oil | 1 | |
| Liquid Fire | 1 | |
12 total
» buildings
| Altar of Storms | 1 | |
| Orc Burrow | 6 | |
| Barracks | 1 | |
| Voodoo Lounge | 1 | |
| Stronghold | 1 | |
| War Mill | 1 | |
| Spirit Lodge | 2 | |
| Fortress | 1 | |
| Beastiary | 1 | |
15 total
» build order
00:04 Altar of Storms
00:17 Orc Burrow
00:37 Barracks
01:27 Orc Burrow
01:51 Voodoo Lounge
02:47 Stronghold
03:26 War Mill
03:38 Orc Burrow
05:24 Spirit Lodge
05:29 Fortress
06:37 Spirit Lodge
06:42 Orc Burrow
08:37 Beastiary
08:40 Orc Burrow
19:05 Orc Burrow
» items
| Healing Salve | 6 | |
| Scroll of Speed | 1 | |
| Circlet of Nobility | 2 | |
| Periapt of Vitality | 1 | |
| Lesser Clarity Potion | 5 | |
| Orb of Lightning | 1 | |
| Potion of Healing | 2 | |
| Scroll of Town Portal | 4 | |
| Potion of Invisibility | 6 | |
| Staff of Teleportation | 1 | |
| Potion of Lesser Invulnerability | 1 | |
30 total

»
yrusuchanahole (
blue | 38 APM | 1626 actions | 42:50)
5 Blademaster
2 Wind Walk
3 Critical Strike
4 Tauren Chieftain
2 Shockwave
2 Endurance Aura
» actions
| Assign group hotkey | 25 | |
| Basic commands | 51 | |
| Build / train | 80 | |
| Enter build submenu | 25 | |
| Enter hero's abilities submenu | 9 | |
| Give item / drop item | 2 | |
| Right click | 570 | |
| Select / deselect | 425 | |
| Select group hotkey | 323 | |
| Use ability | 116 | |
1626 total
» units
| Peon | 9 | |
| Grunt | 1 | |
| Troll Headhunter/Berserker | 13 | |
| Shaman | 5 | |
| Troll Witch Doctor | 4 | |
| Troll Batrider | 1 | |
| Wind Rider | 1 | |
34 total
» upgrades
| Armor | 2 | |
| Ranged Weapons | 3 | |
| Spiked Barricades | 1 | |
| Troll Regeneration | 1 | |
| Shaman Training | 2 | |
| Witch Doctor Training | 2 | |
| Berserker Upgrade | 1 | |
| Liquid Fire | 1 | |
| Reinforced Defenses | 1 | |
| Envenomed Spears | 1 | |
| War Drums Damage Increase | 1 | |
16 total
» buildings
| Orc Burrow | 6 | |
| Altar of Storms | 1 | |
| Barracks | 1 | |
| Voodoo Lounge | 2 | |
| War Mill | 1 | |
| Watch Tower | 10 | |
| Stronghold | 1 | |
| Fortress | 1 | |
| Spirit Lodge | 2 | |
| Beastiary | 1 | |
| Great Hall | 1 | |
27 total
» build order
00:10 Orc Burrow
00:19 Altar of Storms
00:57 Barracks
01:36 Orc Burrow
01:54 Voodoo Lounge
02:10 War Mill
02:57 Orc Burrow
03:43 Watch Tower
03:48 Watch Tower
04:30 Watch Tower
04:54 Watch Tower
04:59 Watch Tower
06:05 Watch Tower
06:26 Voodoo Lounge
06:40 Stronghold
06:49 Watch Tower
07:21 Watch Tower
09:08 Fortress
09:19 Spirit Lodge
09:55 Spirit Lodge
11:23 Beastiary
12:39 Orc Burrow
13:34 Watch Tower
21:17 Orc Burrow
23:14 Orc Burrow
24:42 Watch Tower
24:46 Great Hall
» items
| Healing Salve | 4 | |
| Scroll of Speed | 6 | |
| Orb of Lightning | 2 | |
| Scroll of Town Portal | 3 | |
| Potion of Healing | 2 | |
17 total
OuttaBubbleGum (
orange | 55 APM | 2467 actions | 45:09)
8 Blademaster
3 Wind Walk
3 Critical Strike
1 Bladestorm
1 Mirror Image
» actions
| Assign group hotkey | 27 | |
| Basic commands | 205 | |
| Build / train | 84 | |
| Enter build submenu | 51 | |
| Enter hero's abilities submenu | 8 | |
| Give item / drop item | 2 | |
| Right click | 953 | |
| Select / deselect | 487 | |
| Select group hotkey | 230 | |
| Use ability | 420 | |
2467 total
» units
| Peon | 21 | |
| Grunt | 4 | |
| Wind Rider | 2 | |
| Troll Batrider | 11 | |
| Demolisher | 5 | |
| Giant Sea Turtle | 1 | |
44 total
» upgrades
| Armor | 3 | |
| Ranged Weapons | 3 | |
| Reinforced Defenses | 1 | |
| Liquid Fire | 1 | |
| Troll Regeneration | 1 | |
| Spiked Barricades | 3 | |
| Melee Weapons | 3 | |
| Pillage | 1 | |
| Envenomed Spears | 1 | |
| Burning Oil | 1 | |
18 total
» buildings
| Orc Burrow | 6 | |
| Altar of Storms | 1 | |
| Barracks | 4 | |
| Voodoo Lounge | 1 | |
| War Mill | 3 | |
| Stronghold | 1 | |
| Watch Tower | 27 | |
| Beastiary | 2 | |
| Fortress | 1 | |
| Great Hall | 2 | |
48 total
» build order
00:12 Orc Burrow
00:58 Orc Burrow
01:08 Altar of Storms
01:10 Barracks
01:20 Orc Burrow
01:50 Voodoo Lounge
03:03 War Mill
03:24 Orc Burrow
06:04 Stronghold
06:45 Watch Tower
06:47 Watch Tower
06:49 Watch Tower
07:01 Watch Tower
07:01 Watch Tower
07:02 Watch Tower
07:06 Watch Tower
07:07 Watch Tower
07:08 Watch Tower
07:09 Watch Tower
08:30 Beastiary
08:31 Beastiary
08:34 Orc Burrow
09:12 Fortress
13:35 Orc Burrow
14:20 Watch Tower
14:24 Watch Tower
17:25 Watch Tower
17:25 Watch Tower
17:26 Watch Tower
19:43 Great Hall
19:46 Watch Tower
19:46 Watch Tower
19:47 Watch Tower
19:47 Watch Tower
19:55 Great Hall
19:57 Watch Tower
19:57 Watch Tower
19:57 Watch Tower
19:58 Watch Tower
21:09 Watch Tower
21:09 Watch Tower
21:09 Watch Tower
21:09 Watch Tower
24:44 War Mill
24:48 War Mill
32:31 Barracks
32:32 Barracks
32:33 Barracks
» items
| Healing Salve | 4 | |
| Orb of Lightning | 1 | |
| Potion of Healing | 3 | |
| Staff of Teleportation | 1 | |
| Boots of Speed | 1 | |
| Periapt of Vitality | 1 | |
11 total
NEW-4S-MAPS-INC (
green | 49 APM | 2186 actions | 45:02)
5 Blademaster
3 Wind Walk
2 Critical Strike
» actions
| Assign group hotkey | 34 | |
| Basic commands | 74 | |
| Build / train | 75 | |
| Enter build submenu | 27 | |
| Enter hero's abilities submenu | 5 | |
| Give item / drop item | 5 | |
| Right click | 800 | |
| Select / deselect | 309 | |
| Select group hotkey | 734 | |
| Use ability | 123 | |
2186 total
» units
| Peon | 22 | |
| Troll Batrider | 13 | |
| Wind Rider | 1 | |
| Giant Sea Turtle | 1 | |
37 total
» upgrades
| Ranged Weapons | 2 | |
| Reinforced Defenses | 1 | |
| Liquid Fire | 1 | |
| Armor | 2 | |
6 total
» buildings
| Altar of Storms | 1 | |
| Orc Burrow | 5 | |
| War Mill | 2 | |
| Voodoo Lounge | 1 | |
| Watch Tower | 22 | |
| Stronghold | 2 | |
| Beastiary | 3 | |
| Fortress | 2 | |
38 total
» build order
00:07 Altar of Storms
00:19 Orc Burrow
00:39 War Mill
01:13 Voodoo Lounge
01:54 Watch Tower
02:10 Watch Tower
02:42 Watch Tower
03:36 Stronghold
03:37 Stronghold
04:01 Watch Tower
04:07 Orc Burrow
04:42 Watch Tower
05:13 Orc Burrow
05:29 Watch Tower
05:30 Watch Tower
06:02 Beastiary
06:12 Beastiary
06:18 Watch Tower
06:19 Watch Tower
06:41 Fortress
06:41 Fortress
09:14 Orc Burrow
11:24 Watch Tower
14:52 Watch Tower
14:53 Watch Tower
14:53 Watch Tower
20:07 Watch Tower
20:07 Watch Tower
20:07 Watch Tower
20:18 Watch Tower
20:34 Watch Tower
21:31 Watch Tower
21:32 Watch Tower
21:32 Watch Tower
21:33 Watch Tower
22:48 Beastiary
23:08 Orc Burrow
23:54 War Mill
» items
| Healing Salve | 3 | |
| Lesser Clarity Potion | 2 | |
| Dust of Appearance | 2 | |
| Staff of Teleportation | 2 | |
| Scroll of Town Portal | 2 | |
| Orb of Lightning | 1 | |
| Tiny Great Hall | 3 | |
| Potion of Lesser Invulnerability | 2 | |
| Potion of Healing | 1 | |
| Boots of Speed | 1 | |
19 total
team 2 (winner)
Impaired_ (
pink | 39 APM | 679 actions | 17:33)
3 Keeper of the Grove
2 Force of Nature
1 Entangling Roots
2 Priestess of the Moon
1 Trueshot Aura
1 Scout
» actions
| Build / train | 54 | |
| Enter build submenu | 18 | |
| Enter hero's abilities submenu | 5 | |
| Remove unit from queue | 2 | |
| Right click | 365 | |
| Select / deselect | 183 | |
| Use ability | 52 | |
679 total
» units
| Wisp | 23 | |
| Archer | 8 | |
| Dryad | 9 | |
| Druid of the Talon | 3 | |
43 total
» upgrades
» buildings
| Altar of Elders | 1 | |
| Moon Well | 4 | |
| Ancient of War | 1 | |
| Hunter's Hall | 1 | |
| Tree of Ages | 1 | |
| Ancient of Wonders | 1 | |
| Ancient of Lore | 1 | |
| Ancient of Wind | 2 | |
| Ancient Protector | 4 | |
| Tree of Life | 3 | |
19 total
» build order
00:08 Altar of Elders
00:12 Moon Well
00:34 Ancient of War
01:21 Moon Well
02:32 Hunter's Hall
03:14 Moon Well
04:36 Moon Well
04:39 Tree of Ages
05:55 Ancient of Wonders
07:02 Ancient of Lore
07:10 Ancient of Wind
08:25 Ancient of Wind
08:45 Ancient Protector
08:54 Ancient Protector
11:05 Ancient Protector
12:27 Tree of Life
12:31 Tree of Life
13:13 Ancient Protector
14:52 Tree of Life
CSEVEN (
yellow | 28 APM | 487 actions | 17:26)
2 Blademaster
1 Wind Walk
1 Critical Strike
» actions
| Basic commands | 9 | |
| Build / train | 38 | |
| Enter build submenu | 13 | |
| Enter hero's abilities submenu | 2 | |
| Give item / drop item | 3 | |
| Right click | 209 | |
| Select / deselect | 170 | |
| Use ability | 42 | |
487 total
» units
| Peon | 12 | |
| Troll Batrider | 2 | |
| Wind Rider | 7 | |
21 total
» upgrades
| Spiked Barricades | 1 | |
| Ranged Weapons | 2 | |
3 total
» buildings
| Orc Burrow | 5 | |
| Altar of Storms | 1 | |
| Voodoo Lounge | 1 | |
| War Mill | 1 | |
| Watch Tower | 1 | |
| Stronghold | 1 | |
| Beastiary | 4 | |
14 total
» build order
00:09 Orc Burrow
00:13 Altar of Storms
01:12 Voodoo Lounge
01:30 War Mill
02:50 Watch Tower
03:49 Stronghold
03:54 Orc Burrow
06:25 Beastiary
06:34 Beastiary
07:20 Orc Burrow
08:31 Beastiary
08:35 Beastiary
08:55 Orc Burrow
10:21 Orc Burrow
» items
| Lesser Clarity Potion | 2 | |
| Healing Salve | 2 | |
| Circlet of Nobility | 4 | |
| Staff of Teleportation | 1 | |
9 total

»
hansolo (
purple | 43 APM | 960 actions | 22:25)
5 Archmage
3 Summon Water Elemental
2 Brilliance Aura
2 Paladin
1 Holy Light
1 Devotion Aura
1 Shadow Hunter
1 Healing Wave
1 Blademaster
1 Critical Strike
» actions
| Assign group hotkey | 26 | |
| Basic commands | 18 | |
| Build / train | 64 | |
| Enter build submenu | 27 | |
| Enter hero's abilities submenu | 9 | |
| Right click | 241 | |
| Select / deselect | 259 | |
| Select group hotkey | 265 | |
| Use ability | 51 | |
960 total
» units
| Peasant | 10 | |
| Footman | 6 | |
| Rifleman | 4 | |
| Mortar Team | 12 | |
| Sorceress | 6 | |
| Wind Rider | 3 | |
41 total
» upgrades
| Flare | 1 | |
| Lumber Harvesting | 1 | |
| Sorceress Training | 1 | |
| Masonry | 1 | |
4 total
» buildings
| Altar of Kings | 1 | |
| Barracks | 1 | |
| Farm | 10 | |
| Blacksmith | 1 | |
| Scout Tower | 7 | |
| Arcane Tower | 1 | |
| Keep | 1 | |
| Lumber Mill | 1 | |
| Arcane Vault | 1 | |
| Workshop | 2 | |
| Arcane Sanctum | 1 | |
| Guard Tower | 4 | |
| Castle | 1 | |
32 total
» build order
00:07 Altar of Kings
00:18 Barracks
00:23 Farm
01:23 Farm
01:27 Farm
02:12 Blacksmith
03:23 Scout Tower
03:58 Farm
04:00 Arcane Tower
04:45 Keep
04:49 Lumber Mill
04:52 Arcane Vault
05:52 Farm
05:56 Scout Tower
07:07 Workshop
07:11 Workshop
07:18 Arcane Sanctum
07:23 Farm
08:08 Farm
08:48 Farm
08:50 Farm
09:36 Farm
10:22 Scout Tower
10:26 Guard Tower
14:52 Scout Tower
14:54 Scout Tower
14:56 Scout Tower
14:59 Guard Tower
15:02 Scout Tower
15:22 Guard Tower
16:02 Guard Tower
20:06 Castle
imnotimnotblue (
red | 149 APM | 6735 actions | 45:10)
7 Archmage
3 Summon Water Elemental
3 Brilliance Aura
1 Mass Teleport
7 Mountain King
3 Storm Bolt
3 Bash
1 Avatar
» actions
| Assign group hotkey | 138 | |
| Basic commands | 246 | |
| Build / train | 214 | |
| ESC pressed | 8 | |
| Enter build submenu | 46 | |
| Enter hero's abilities submenu | 17 | |
| Give item / drop item | 7 | |
| Remove unit from queue | 1 | |
| Right click | 2285 | |
| Select / deselect | 838 | |
| Select group hotkey | 2503 | |
| Use ability | 432 | |
6735 total
» units
| Peasant | 18 | |
| Footman | 7 | |
| Rifleman | 7 | |
| Priest | 3 | |
| Sorceress | 6 | |
| Spell Breaker | 4 | |
| Knight | 1 | |
| Flying Machine | 6 | |
52 total
» upgrades
| Gunpowder | 3 | |
| Armor | 3 | |
| Long Rifles | 1 | |
| Sorceress Training | 2 | |
| Priest Training | 2 | |
| Masonry | 3 | |
| Lumber Harvesting | 2 | |
| Plating | 3 | |
| Magic Sentry | 1 | |
| Animal War Training | 1 | |
| Swords | 4 | |
| Control Magic | 2 | |
| Backpack | 1 | |
| Flak Cannons | 1 | |
| Flying Machine Bombs | 1 | |
| Barrage | 1 | |
31 total
» buildings
| Altar of Kings | 1 | |
| Barracks | 1 | |
| Farm | 10 | |
| Lumber Mill | 1 | |
| Arcane Vault | 2 | |
| Blacksmith | 1 | |
| Keep | 3 | |
| Castle | 2 | |
| Arcane Sanctum | 2 | |
| Guard Tower | 34 | |
| Town Hall | 1 | |
| Scout Tower | 18 | |
| Arcane Tower | 13 | |
| Workshop | 4 | |
93 total
» build order
00:34 Altar of Kings
00:39 Barracks
00:49 Farm
01:04 Farm
01:20 Lumber Mill
01:46 Farm
02:00 Arcane Vault
02:57 Blacksmith
03:50 Keep
03:50 Keep
04:55 Farm
04:56 Farm
04:57 Farm
06:45 Castle
06:59 Arcane Sanctum
08:45 Guard Tower
08:45 Guard Tower
08:45 Guard Tower
08:51 Farm
09:45 Arcane Sanctum
11:07 Farm
12:12 Town Hall
12:14 Scout Tower
12:16 Scout Tower
12:17 Scout Tower
12:18 Scout Tower
12:54 Guard Tower
12:54 Guard Tower
12:54 Guard Tower
17:09 Scout Tower
17:10 Scout Tower
17:12 Scout Tower
17:18 Arcane Vault
17:21 Scout Tower
18:24 Guard Tower
18:25 Guard Tower
18:25 Guard Tower
18:26 Arcane Tower
18:27 Arcane Tower
18:27 Arcane Tower
18:44 Farm
23:53 Farm
28:56 Scout Tower
28:58 Scout Tower
29:00 Scout Tower
29:02 Scout Tower
29:06 Scout Tower
29:28 Arcane Tower
29:28 Arcane Tower
29:29 Guard Tower
29:29 Guard Tower
29:29 Guard Tower
29:31 Guard Tower
29:31 Guard Tower
30:18 Arcane Tower
30:18 Arcane Tower
32:11 Scout Tower
32:14 Scout Tower
32:15 Scout Tower
32:17 Scout Tower
32:18 Scout Tower
32:44 Arcane Tower
32:44 Arcane Tower
32:46 Arcane Tower
32:46 Guard Tower
32:47 Guard Tower
32:47 Guard Tower
32:48 Guard Tower
32:48 Guard Tower
32:48 Guard Tower
36:41 Guard Tower
36:42 Guard Tower
36:42 Guard Tower
40:56 Workshop
40:57 Workshop
40:59 Workshop
41:02 Workshop
» items
| Periapt of Vitality | 1 | |
| Scroll of Regeneration | 8 | |
| Ivory Tower | 4 | |
| Scroll of Town Portal | 1 | |
| Staff of Sanctuary | 1 | |
| Boots of Speed | 1 | |
| Circlet of Nobility | 1 | |
| Staff of Teleportation | 1 | |
| Orb of Fire | 1 | |
| Mechanical Critter | 4 | |
| Scroll of Protection | 1 | |
| Dust of Appearance | 1 | |
25 total
Chat log
(00:19 / All) OuttaBubbleGum: I HAVE COME HERE TO KICK ASS AND CHEW BUBBLE GUM
(00:23 / All) OuttaBubbleGum: ... aND IM ALL OUTTA GUM!
(00:26 / All) NEW-4S-MAPS-INC: D
(02:29 / All) NEW-4S-MAPS-INC: vanilla ice best rapper eva
(02:50 / All) OuttaBubbleGum: GO NINJA GO NINJA GO
(02:54 / All) OuttaBubbleGum: GO NINJA GO NINJA GO
(02:55 / All) NEW-4S-MAPS-INC: llistening tot hat right now
(05:56 / All) OuttaBubbleGum: U GOT 2!1!!
(06:18 / All) yrusuchanahole: LOL
(06:25 / All) OuttaBubbleGum: all you did was fuck me from creeping orange and blue got it lawl
(06:26 / All) OuttaBubbleGum: faggot
(06:28 / All) OuttaBubbleGum: teal*
(07:44 / All) OuttaBubbleGum: oh
(09:03 / Allies) CSEVEN: wood
(10:33 / Allies) hansolo: hit?
(11:37 / Allies) hansolo: im with yello
(11:37 / Allies) CSEVEN: focus
(11:54 / Allies) hansolo: main?
(11:55 / Allies) CSEVEN: borrows
(12:45 / Allies) CSEVEN: out
(13:00 / Allies) hansolo: gold pls
(13:12 / Allies) CSEVEN: this guy
(13:15 / Allies) imnotimnotblue: protect my expo
(13:26 / Allies) CSEVEN: you are killing us
(13:27 / Allies) Impaired_: green has bats
(14:10 / Allies) hansolo: help pink
(14:10 / Allies) hansolo: red
(14:13 / Allies) hansolo: wtf r u doing
(14:16 / Allies) hansolo: creeping tn
(14:28 / Allies) imnotimnotblue: gonna get sweet items
(14:57 / Allies) Impaired_: gayest strat in the fucking game
(14:59 / Allies) Impaired_: i swear
(16:00 / Allies) Impaired_: he map hacks too
(16:01 / Allies) Impaired_: lmfao
(16:04 / Allies) imnotimnotblue: who
(16:13 / Allies) Impaired_: keeps waiting for me to leave base
(16:29 / Allies) Impaired_: see
(16:31 / Allies) CSEVEN: omfg
(16:32 / Allies) CSEVEN: move
(16:48 / Allies) Impaired_: gold
(16:48 / Allies) CSEVEN: fucking noobs
(16:51 / Allies) CSEVEN: we need to hit
(16:55 / Allies) CSEVEN: NOW
(16:59 / Allies) Impaired_: lets hit
(17:06 / Allies) CSEVEN: im out
(17:13 / Allies) CSEVEN: fuckjing dumb ass faggots
(17:23 / Allies) hansolo: where too?
(17:24 / Allies) Impaired_: lol
(17:38 / All) imnotimnotblue: babies lol
(17:58 / All) OuttaBubbleGum: lawl wtf
(18:12 / All) OuttaBubbleGum: I was about to rape
(18:16 / All) OuttaBubbleGum: yello with bladestorm
(18:18 / Allies) hansolo: go hit
(18:30 / Allies) imnotimnotblue: hit teal
(20:07 / All) imnotimnotblue: stop hitting my expo faggot
(20:54 / All) OuttaBubbleGum: BACK THE FUCK OFF
(21:48 / All) OuttaBubbleGum: SO IT BEGINS
(21:57 / All) OuttaBubbleGum: purple is like that oldarcher at helms deep that looses the arrow
(23:33 / All) imnotimnotblue: man your team was hitting my expo all game
(23:39 / All) OuttaBubbleGum: just teal
(23:39 / All) NEW-4S-MAPS-INC: teal wanted it
(24:05 / All) OuttaBubbleGum: why did pink and yellow leave liek that
(24:13 / All) NEW-4S-MAPS-INC: i batted pinks hall
(24:13 / All) imnotimnotblue: they were getting pissed off
(24:16 / All) NEW-4S-MAPS-INC: wouldnt let him rebuild
(24:18 / All) imnotimnotblue: and mad I wasn't helping them
(24:24 / All) OuttaBubbleGum: I was about to seriously molest yellow iwth my level 6 bm
(24:26 / All) imnotimnotblue: teal, attack my expo
(24:31 / All) imnotimnotblue: ONE FUCKING MORE TIME
(24:52 / All) NEW-4S-MAPS-INC: red pro
(28:44 / All) NEW-4S-MAPS-INC: red mh??
(29:26 / All) OuttaBubbleGum: TK
(29:29 / All) OuttaBubbleGum: TK
(29:57 / All) OuttaBubbleGum: BLUE IS A MANIAC
(31:20 / All) OuttaBubbleGum: BLUE IS A MANIAC
(32:02 / All) OuttaBubbleGum: BLUE IS A MANIAC
(32:16 / All) OuttaBubbleGum: BLUE IS A PSYCHO KILLER
(33:02 / All) OuttaBubbleGum: DONT WORRY
(33:07 / All) OuttaBubbleGum: I KNOW HOW TO HANDLE TOWERED COWARDS!
(35:00 / All) NEW-4S-MAPS-INC: mk with 2 hoods
(35:04 / All) imnotimnotblue: yeah lol
(35:07 / All) imnotimnotblue: worst item drops for mk
(35:33 / All) OuttaBubbleGum: I KNOW HOW TO HANDLE TOWERED COWARDS LIKE BLUE
(35:38 / All) OuttaBubbleGum: LITTLE PSYCHO TEAM KILLING MANIAC
(37:58 / All) OuttaBubbleGum: OH SHIT WE GOTTA NOTHER PSYCHO ON THE LOOSE
(38:32 / All) NEW-4S-MAPS-INC: turtle coming after u oj
(38:35 / All) NEW-4S-MAPS-INC: slowly but surely
(38:55 / All) NEW-4S-MAPS-INC: NINJA TURTLE DUEL
(39:23 / All) NEW-4S-MAPS-INC: woot img onna win
(39:29 / All) OuttaBubbleGum: lol
(39:31 / All) NEW-4S-MAPS-INC: a tie!!!
(39:39 / All) OuttaBubbleGum: I was gonna smack yours last second
(39:42 / All) OuttaBubbleGum: to give mine the win
(39:46 / All) OuttaBubbleGum: but they killed each other first
(39:56 / All) NEW-4S-MAPS-INC: blue is a nip
(40:00 / All) NEW-4S-MAPS-INC: keeps going ????
(40:02 / All) NEW-4S-MAPS-INC: ???
(40:19 / All) NEW-4S-MAPS-INC: taur runetotem
(40:39 / All) NEW-4S-MAPS-INC: ?
(41:39 / All) NEW-4S-MAPS-INC: ?
(41:40 / All) NEW-4S-MAPS-INC: ?
(41:42 / All) NEW-4S-MAPS-INC: ?
(43:06 / All) NEW-4S-MAPS-INC: lawl
(44:01 / All) OuttaBubbleGum: RIP IN PEACE TAUR
(44:07 / All) imnotimnotblue: waht team lose
(44:11 / All) NEW-4S-MAPS-INC: break after this? i hungry
(44:12 / All) OuttaBubbleGum: stats
(44:13 / All) imnotimnotblue: yours stayed longer but mine is 3 legit
(44:19 / All) imnotimnotblue: pink 103-92
(44:25 / All) imnotimnotblue: yellow 1472-1606
(44:25 / All) NEW-4S-MAPS-INC: pink i say
(44:30 / All) imnotimnotblue: purp 131-137
(44:42 / All) OuttaBubbleGum: teal is 53-35
(44:49 / All) imnotimnotblue: teal lose?
(44:50 / All) NEW-4S-MAPS-INC: teal
(45:07 / All) OuttaBubbleGum: yeah